 Dungeon Crawl Stone Soup version 0.26-a0-683-g5206c1d7ac (webtiles) character file.

Game seed: 8367304286833138335

4600 Descartes the Frost Mage (level 10, -1/50 HPs)
             Began as a Deep Elf Ice Elementalist on Oct 20, 2020.
             Was an Initiate of Gozag.
             Slain by a phantom (9 damage)
             ... on level 9 of the Dungeon on Oct 22, 2020.
             The game lasted 00:28:39 (10883 turns).

Descartes the Frost Mage (DEIE)                    Turns: 10883, Time: 00:28:41

Health: -1/50      AC:  5    Str:  5    XL:     10   Next: 19%
Magic:  22/24      EV: 15    Int: 24    God:    Gozag
Gold:   556        SH:  0    Dex: 15    Spells: 14/26 levels left

rFire    + + .     SeeInvis .   h - +0 scimitar (holy)
rCold    x . .     Faith    .   (no shield)
rNeg     . . .     Spirit   .   t - +0 leather armour
rPois    .         Reflect  .   u - +0 helmet
rElec    .         Harm     .   d - +0 cloak
rCorr    .         Rampage  .   (no gloves)
MR       +....                  (no boots)
Stlth    ++........             (no amulet)
HPRegen  0.16/turn              A - ring of fire
MPRegen  0.19/turn              H - ring of protection from fire

@: frozen ramparts
A: no striking features
a: Potion Petition, Call Merchant, Bribe Branch, Renounce Religion


You were on level 9 of the Dungeon.
You worshipped Gozag.
Gozag was pleased with you.
You visited 2 branches of the dungeon, and saw 10 of its levels.

You collected 873 gold pieces.
You spent 196 gold pieces at shops.
You paid 121 gold pieces to Gozag.

Inventory:

Hand Weapons
 h - a +0 scimitar of holy wrath (weapon)
 x - a +2 dagger of draining
 O - a +0 scimitar of flaming
Missiles
 a - 134 arrows
 q - 316 stones (quivered)
 r - 14 curare-tipped darts
 C - 46 poisoned darts
 Q - 8 boomerangs
Armour
 d - a +0 cloak (worn)
 t - a +0 leather armour (worn)
 u - a +0 helmet (worn)
 F - a +0 kite shield
Magical Staves
 B - an uncursed staff of fire
Jewellery
 A - a ring of fire (left hand)
 G - an uncursed ring of see invisible
 H - a ring of protection from fire (right hand)
 K - a +6 ring of intelligence
Wands
 m - a wand of acid (7)
 w - a wand of flame (17)
 z - a wand of iceblast (8)
 L - a wand of digging (6)
 M - a wand of enslavement (18)
Scrolls
 e - 2 scrolls of noise {unknown}
 f - 5 scrolls of fear {unknown}
 g - 2 scrolls of blinking {unknown}
 i - 8 scrolls of remove curse
 k - 2 scrolls of magic mapping {unknown}
 l - 3 scrolls of amnesia {unknown}
 n - 6 scrolls of teleportation
 p - a scroll of identify
 y - 2 scrolls of enchant weapon {unknown}
 I - a scroll of vulnerability {unknown}
 J - a scroll of summoning {unknown}
 R - a scroll of immolation {unknown}
Potions
 b - 5 potions of curing
 c - 2 potions of brilliance
 j - 4 potions of degeneration
 o - a potion of flight
 s - 5 potions of haste
 v - 3 potions of stabbing
 D - a potion of ambrosia {unknown}
 E - a potion of invisibility {unknown}
 N - a potion of lignification {unknown}
 P - a potion of magic {unknown}
Miscellaneous
 S - a tin of tremorstones (3/3)


   Skills:
 + Level 6.9 Dodging
 - Level 2.4 Stealth
 + Level 3.3 Shields
 + Level 8.6 Spellcasting
 - Level 5.0 Conjurations
 + Level 5.6 Fire Magic
 - Level 11.0 Ice Magic


You had 14 spell levels left.
You knew the following spells:

 Your Spells              Type           Power        Failure   Level
a - Freeze                Ice            ####         1%          1
b - Frozen Ramparts       Ice            ######       1%          3
c - Foxfire               Conj/Fire      ####         1%          1
d - Inner Flame           Hex/Fire       #####...     10%         3
e - Sticky Flame          Conj/Fire      ######..     12%         4

Your spell library contained the following spells:

 Spells                   Type           Power        Failure   Level
 Ozocubu's Armour         Ice            ######..     1%          3
 Conjure Flame            Conj/Fire      ######..     3%          3
 Hailstorm                Conj/Ice       #####...     3%          4
 Animate Skeleton         Necr           ##....       11%         1
 Pain                     Necr           ##..         11%         1
 Summon Small Mammal      Summ           ##..         11%         1
 Summon Ice Beast         Ice/Summ       #####...     11%         4
 Call Imp                 Summ           ##......     16%         2
 Call Canine Familiar     Summ           ##......     30%         3
 Summon Guardian Golem    Hex/Summ       ##......     30%         3
 Vampiric Draining        Necr           ##........   30%         3
 Fireball                 Conj/Fire      ######....   32%         5
 Animate Dead             Necr           ##........   71%         4
 Summon Lightning Spire   Summ/Air       ##......     71%         4
 Agony                    Necr           ##......     96%         5


Dungeon Overview and Level Annotations

Branches:
Dungeon (9/15)             Temple (1/1) D:7
   Lair: D:8-11         Orc: D:9-12

Altars:
Ashenzari
Cheibriados
Dithmenos
Elyvilon
Fedhas
Gozag
Hepliaklqana
Kikubaaqudgha
Makhleb
Nemelex Xobeh
Okawaru
Qazlal
Ru
Trog
Uskayaw
Vehumet
Wu Jian
Xom
Yredelemnul
Zin
The Shining One

Shops:
D:5 (


Message History

The walls around you are covered in ice.
The phantom resists.
The wall freezes the phantom.
The phantom barely misses you.
You hit the phantom.
The phantom convulses.
The phantom is almost destroyed.
The phantom completely resists.
The wall freezes the phantom but do no damage.
The phantom closely misses you.
You closely miss the phantom.
The phantom is almost destroyed.
The phantom resists.
The wall freezes the phantom.
The phantom blinks!
The phantom resists.
The wall freezes the phantom.
The phantom hits you.
* * * LOW HITPOINT WARNING * * *
You closely miss the phantom.
The phantom is almost destroyed.
The phantom completely resists.
The wall freezes the phantom but do no damage.
The phantom hits you!
You die...
Your body crumbles into a pile of gold.

####### ##########
#...... #..>.....#
#...... #........#
###......
#........###.'......
#........#...#......
#.[.W....'.###......
###@###[.### #......
#$####..# ###'###
##$Z##..# #.##
#Z#.##+## #..# #$..#
####.## #...ZZ.#.#
#...... $ ###......#
#...... #o.#..##
#...... .W..##..
#.>....


You could see a phantom.

Vanquished Creatures
  Erica (D:8)
  Grinder (D:6)
  A wyvern (D:7)
  6 yaks (D:8)
  Duvessa (D:7)
  A sky beast (D:5)
  2 ogres
  2 phantoms
  4 centaurs
  4 bullfrogs
  A water moccasin zombie (D:8)
  2 scorpions (D:6)
  Dowan (D:7)
  6 killer bees (D:9)
  A howler monkey (D:5)
  2 centaur zombies (D:6)
  A quasit (D:9)
  6 hounds
  6 orc priests
  A bullfrog skeleton (D:4)
  A centaur skeleton (D:8)
  6 orc wizards
  5 worker ants
  A killer bee zombie (D:5)
  2 ogre zombies (D:9)
  A hound skeleton (D:5)
  3 gnolls
  12 adders
  A shadow imp (D:8)
  A white imp (D:9)
  An ufetubus (D:8)
  An adder skeleton (D:4)
  2 worms (D:2)
  2 dart slugs
  9 leopard geckos
  29 orcs
  3 ball pythons
  5 giant cockroaches
  9 goblins
  5 hobgoblins
  6 jackals
  9 kobolds
  4 quokkas
  8 bats
  4 frilled lizards
  A giant cockroach zombie (D:5)
  2 gnoll zombies (D:4)
  A goblin zombie (D:9)
  2 leopard gecko skeletons (D:4)
  An orc skeleton (D:9)
  7 rats
194 creatures vanquished.

Vanquished Creatures (others)
  4 foxfires (D:8)
4 creatures vanquished.

Grand Total: 198 creatures vanquished

Notes
Turn   | Place    | Note
-------+----------+-------------------------------------------
     0 | D:1      | Descartes the Deep Elf Ice Elementalist began the quest for
                  | the Orb.
     0 | D:1      | Reached XP level 1. HP: 10/10 MP: 6/6
   132 | D:1      | Reached XP level 2. HP: 15/15 MP: 2/8
   617 | D:1      | Reached skill level 5 in Ice Magic
   617 | D:1      | Reached XP level 3. HP: 18/19 MP: 4/10
  1224 | D:1      | Reached XP level 4. HP: 17/24 MP: 10/12
  1355 | D:1      | Learned a level 3 spell: Frozen Ramparts
  1571 | D:2      | Reached skill level 5 in Spellcasting
  1580 | D:2      | Upgraded the game from 0.26-a0-682-g294304f6e8 to
                  | 0.26-a0-683-g5206c1d7ac
  2029 | D:3      | Reached skill level 6 in Ice Magic
  2506 | D:3      | Reached XP level 5. HP: 28/28 MP: 10/14
  3631 | D:4      | Reached skill level 7 in Ice Magic
  3764 | D:4      | Reached XP level 6. HP: 27/32 MP: 10/15
  4131 | D:4      | Reached skill level 8 in Ice Magic
  4472 | D:4      | Found a basalt altar of Yredelemnul.
  4602 | D:4      | Found an iron altar of Okawaru.
  4739 | D:4      | Found a sparkling altar of Nemelex Xobeh.
  5103 | D:5      | Entered Level 5 of the Dungeon
  5109 | D:5      | Reached XP level 7. HP: 36/36 MP: 12/16
  5281 | D:5      | Found Bidghifau's Antique Weapon Shoppe.
  5299 | D:5      | Bought a runed scimitar for 196 gold pieces
  5353 | D:5      | Reached skill level 9 in Ice Magic
  5648 | D:5      | Reached skill level 10 in Ice Magic
  5923 | D:5      | Found a bloodstained altar of Trog.
  6147 | D:6      | Noticed Grinder
  6161 | D:6      | Paralysed by Grinder for 6 turns
  6175 | D:6      | Killed Grinder
  6175 | D:6      | Reached XP level 8. HP: 9/41 MP: 10/17
  6483 | D:6      | Reached skill level 11 in Ice Magic
  6517 | D:6      | Learned a level 1 spell: Foxfire
  6727 | D:6      | Reached skill level 1 in Conjurations
  6727 | D:6      | Reached skill level 1 in Fire Magic
  6910 | D:6      | Found a burning altar of Makhleb.
  6940 | D:6      | Found a hide-covered altar of Uskayaw.
  6940 | D:6      | Found a glowing silver altar of Zin.
  7283 | D:6      | Learned a level 3 spell: Inner Flame
  7288 | D:6      | Learned a level 4 spell: Sticky Flame
  8132 | D:7      | Found a staircase to the Ecumenical Temple.
  8137 | D:7      | Reached XP level 9. HP: 44/45 MP: 16/20
  8143 | Temple   | Entered the Ecumenical Temple
  8331 | Temple   | Became a worshipper of Gozag Ym Sagoz the Greedy
  8673 | D:7      | Found a shadowy altar of Dithmenos.
  8718 | D:7      | Noticed Dowan
  8720 | D:7      | Noticed Duvessa
  8725 | D:7      | Killed Dowan
  8733 | D:7      | Killed Duvessa
  8786 | D:7      | Found an ornate altar of the Wu Jian Council.
  8787 | D:7      | Found a snail-covered altar of Cheibriados.
  8799 | D:7      | Found a sacrificial altar of Ru.
  8864 | D:7      | Reached skill level 5 in Dodging
  8942 | D:7      | Reached skill level 1 in Shields
  9362 | D:8      | Noticed Erica
  9384 | D:8      | Killed Erica
 10071 | D:8      | Reached skill level 5 in Conjurations
 10071 | D:8      | Reached skill level 5 in Fire Magic
 10076 | D:8      | Reached XP level 10. HP: 34/50 MP: 9/24
 10883 | D:9      | Slain by a phantom

Illustrated notes

Levels and vault maps discovered:
D:1:      dpeg_arrival_tiny_a, layout_rooms, kennysheep_nondescript
D:2:      layout_rooms, serial_park_tiny_pond
D:3:      layout_basic
D:4:      layout_basic, lemuel_zombie_altar_yredelemnul, lemuel_doored_altar,
          nemelex_xobeh_ov_fountains_minmay
D:5:      layout_cave_pools, lemuel_coloured_pillars_altar,
          minmay_shop_grid_forest
D:6:      layout_basic, makhleb_heckhound_becter,
          gammafunk_temple_overflow_pools, uniq_grinder
D:7:      layout_basic, old_standard_altar, minitemple,
          minmay_temple_entry_proselytizer, uniq_duvessa
D:8:      layout_rooms, uniq_erica
D:9:      layout_roguey, led_sif_pool, zombieorc1_lemuel,
          minmay_misc_feat_enclosed
Temple:   bh_familiar_temple

Skill      XL: |  1  2  3  4  5  6  7  8  9 |
---------------+----------------------------+-----
Spellcasting   | 4 5 6 8 |  8.6
Ice Magic      | 5 6 7 8 10 11 | 11.0
Dodging        | 4 6 |  6.9
Conjurations   | 3 5 |  5.0
Fire Magic     | 3 5 |  5.6
Shields        | 3 |  3.3
Stealth        | |  2.4

Action                   |  1- 3 |  4- 6 |  7- 9 | 10-12 || total
-------------------------+-------+-------+-------+-------++-------
Melee: Unarmed           |     2 |       |       |       ||     2
       Short sword       |     6 |     4 |       |       ||    10
       Falchion          |       |    59 |       |       ||    59
       Dagger            |       |     4 |     3 |       ||     7
       Scimitar          |       |       |    86 |    34 ||   120
       Staff             |       |       |    26 |       ||    26
 Cast: Freeze            |    46 |    44 |    17 |     8 ||   115
       Frozen Ramparts   |       |    43 |    54 |     9 ||   106
       Foxfire           |       |       |     2 |       ||     2
  Use: Potion            |       |     1 |     1 |     1 ||     3
       Scroll            |       |     8 |       |       ||     8
 Stab: Sleeping          |     1 |     2 |     2 |       ||     5
Armor: Robe              |    12 |     5 |       |       ||    17
       Leather armour    |       |    39 |    37 |    10 ||    86
Dodge: Dodged            |    40 |    82 |   112 |    33 ||   267
       Rpst.: Falchion   |       |    17 |       |       ||    17
       Scimitar          |       |       |    20 |    10 ||    30

Table legend: (Time is in decaauts)
 A = Elapsed time spent in this place.
 B = Non-inter-level travel time spent in this place.
 C = Inter-level travel time spent in this place.
 D = Time resting spent in this place.
 E = Time spent auto-exploring this place.
 F = Levels seen in this place.
 G = Mean time per level.
                   A        B        C        D        E       F      G
               +--------+--------+--------+--------+--------+-----+--------+
         Total |  10962 |  10666 |    296 |    283 |   8682 |  10 | 1096.2 |
       Dungeon |  10755 |  10477 |    278 |    283 |   8502 |   9 | 1195.0 |
        Temple |    206 |    188 |     18 |      0 |    180 |   1 |  206.0 |
               +--------+--------+--------+--------+--------+-----+--------+

Top non-repeatable levels by time:
     D:3: 1791 daAuts
     D:6: 1414 daAuts
     D:8: 1378 daAuts
     D:4: 1356 daAuts
     D:1: 1316 daAuts
     D:7: 1304 daAuts
     D:5: 1017 daAuts
     D:2: 670 daAuts
     D:9: 505 daAuts
  Temple: 206 daAuts
